 Dungeon Crawl Stone Soup version 0.32-a0-868-g153ae1a8d6 (console) character file.

Game seed: 15565252324058436257

1489574 starberry the Cloud Mage (level 27, 156/243 (262) HPs)
             Began as a Naga Artificer on Mar 28, 2024.
             Was the Champion of Nemelex Xobeh.
             Escaped with the Orb
             ... and 3 runes!
             The game lasted 03:37:49 (86567 turns).

starberry the Cloud Mage (Naga Artificer)          Turns: 86567, Time: 03:37:49

HP:   156/243 (262) AC: 36    Str: 20    XL:     27
MP:   53/53         EV: 11    Int: 35    God:    Nemelex Xobeh [******]
Gold: 5045          SH: 21    Dex: 12    Spells: 24/60 levels left

rFire   + + .        U - +6 broad axe {drain, rElec Int+3 Dex+2}
rCold   + + .        D - +4 kite shield "Hyshral" {rF+++ Int+3}
rNeg    . . .        w - +0 ice dragon scales
rPois   +            X - +0 helmet
rElec   +            g - +2 cloak {Stlth+}
rCorr   .            y - +1 pair of gloves
SInv    +            O - +4 barding
Will    ++++.        E - amulet "Peiled" {Reflect rPois Dex+2 SH+5 Stlth+}
Stlth   +            i - ring of Goplifir {rElec Will+ Int+3 Stlth+}
HPRegen 0.60/turn    J - ring of Cowardice {MP+9 EV+5 Str+2 Int+3 Dex-5}
MPRegen 0.33/turn

%: reflection
@: studying 5 skills, drained, very slow
A: AC +9, large, see invisible, deformed body, poison resistance, slowness 2,
spit poison 1, naga tail 2, clever 1, wild magic 1
0: Orb of Zot
}: 3/15 runes: decaying, serpentine, silver
a: Spit Poison, Renounce Religion, Draw Escape, Draw Destruction, Draw
Summoning, Draw Stack, Triple Draw, Deal Four, Stack Five


You escaped.
You worshipped Nemelex Xobeh.
Nemelex Xobeh was exalted by your worship.
You visited 8 branches of the dungeon, and saw 44 of its levels.
You also visited: Trove, Ice Cave and Wizlab.

You collected 8072 gold pieces.
You spent 3027 gold pieces at shops.

Inventory:

Hand Weapons
 U - the +6 broad axe of the Manifold Souls (weapon) {drain, rElec Int+3 Dex+2}
   (You found it on level 2 of the Depths)

   Int+3:     It affects your intelligence (+3).
   Dex+2:     It affects your dexterity (+2).
   rElec:     It insulates you from electricity.
Missiles
 v - 7 throwing nets
 S - 20 curare-tipped darts
Armour
 g - a +2 cloak of stealth (worn)
 w - +0 ice dragon scales (worn)
 y - a +1 pair of gloves (worn)
 D - the +4 kite shield "Hyshral" (worn) {rF+++ Int+3}
   (You took it off a gnoll sergeant on level 8 of the Dungeon)

   Int+3:     It affects your intelligence (+3).
   rF+++:     It renders you almost immune to fire.
 O - a +4 barding (worn)
 X - a +0 helmet (worn)
Jewellery
 i - the ring of Goplifir (left hand) {rElec Will+ Int+3 Stlth+}
   (You found it on level 3 of the Depths)

   [ring of willpower]

   Int+3:     It affects your intelligence (+3).
   rElec:     It insulates you from electricity.
   Will+:     It increases your willpower.
   Stlth+:    It makes you more stealthy.
 E - the amulet "Peiled" (around neck) {Reflect rPois Dex+2 SH+5 Stlth+}
   (You took it off a kobold brigand on level 8 of the Dungeon)

   [amulet of reflection]

   Reflect:   It reflects blocked missile attacks.
   Dex+2:     It affects your dexterity (+2).
   rPois:     It protects you from poison.
   SH+5:      It affects your SH (+5).
   Stlth+:    It makes you more stealthy.
 J - the ring of Cowardice (right hand) {MP+9 EV+5 Str+2 Int+3 Dex-5}
   (You found it on level 12 of the Dungeon)

   [ring of evasion]

   EV+5:      It affects your evasion (+5).
   Str+2:     It affects your strength (+2).
   Int+3:     It affects your intelligence (+3).
   Dex-5:     It affects your dexterity (-5).
   MP+9:      It affects your magic capacity (+9).
 W - a ring of flight
Wands
 d - a wand of charming (8)
 e - a wand of iceblast (3)
 h - a wand of roots (58)
 t - a wand of paralysis (48)
 I - a wand of acid (27)
 R - a wand of digging (11)
Scrolls
 a - 3 scrolls of fear
 b - 14 scrolls of vulnerability
 c - 2 scrolls of summoning
 j - 5 scrolls of enchant armour
 k - 5 scrolls of brand weapon
 l - 7 scrolls of revelation
 o - 18 scrolls of teleportation
 u - 8 scrolls of fog
 x - 11 scrolls of enchant weapon
 z - 4 scrolls of blinking
 H - 5 scrolls of amnesia
 L - 4 scrolls of torment
 Q - 6 scrolls of poison
 T - 26 scrolls of identify
Potions
 f - 2 potions of berserk rage
 m - 13 potions of enlightenment
 n - 6 potions of attraction
 p - 5 potions of resistance
 q - 3 potions of magic
 r - 15 potions of curing
 A - 2 potions of mutation
 B - 2 potions of invisibility
 C - 5 potions of cancellation
 K - 10 potions of might
 N - 7 potions of haste
 P - 8 potions of brilliance
 V - 10 potions of heal wounds
Miscellaneous
 s - a box of beasts
 G - a phantom mirror
 M - a tin of tremorstones (2/2)
 Y - a Gell's gravitambourine (2/2)
 Z - a lightning rod (4/4)


   Skills:
 + Level 18.7 Fighting
 + Level 17.8 Axes
 - Level 13.0 Armour
 - Level 8.0 Dodging
 - Level 2.0 Stealth
 - Level 15.0 Shields
 - Level 17.0 Spellcasting
 - Level 7.0 Conjurations
 - Level 7.0 Summonings
 - Level 6.0 Fire Magic
 - Level 7.0 Ice Magic
 - Level 21.0 Air Magic
 - Level 11.0 Alchemy
 - Level 18.0 Invocations
 - Level 6.0 Evocations


You had 24 spell levels left.
You knew the following spells:

 Your Spells              Type           Power      Damage    Failure   Level
a - Maxwell's Capacitive  Air            62%        ∞         10%         8
b - Summon Lightning Spi  Summ/Air       100%       N/A       1%          4
c - Mephitic Cloud        Conj/Alch/Air  100%       N/A       1%          3
d - Freezing Cloud        Conj/Ice/Air   49%        6-21      2%          5
e - Arcjolt               Conj/Air       52%        1d62      1%          5
f - Plasma Beam           Fire/Air       52%        2x1d67    5%          6
g - Irradiate             Conj/Alch      44%        3d26      5%          5

Your spell library contained the following spells:

 Spells                   Type           Power      Damage    Failure   Level
 Magic Dart               Conj           100%       1d8       1%          1
 Shock                    Conj/Air       100%       1d9       1%          1
 Sting                    Conj/Alch      100%       1d9       1%          1
 Summon Small Mammal      Summ           100%       N/A       1%          1
 Call Imp                 Summ           100%       N/A       1%          2
 Cigotuvi's Dreadful Rot  Necr/Alch/Air  100%       N/A       1%          2
 Mercury Vapours          Alch/Air       100%       N/A       1%          2
 Static Discharge         Conj/Air       100%       3-8/arc   1%          2
 Call Canine Familiar     Summ           80%        N/A       1%          3
 Ozocubu's Armour         Ice            80%        N/A       1%          3
 Swiftness                Air            100%       N/A       1%          3
 Airstrike                Air            62%        2d(9-25)  1%          4
 Olgreb's Toxic Radiance  Alch           95%        N/A       1%          4
 Vhi's Electric Charge    Tloc/Air       100%       N/A       1%          4
 Kiss of Death            Conj/Necr      100%       2d13      2%          1
 Fulminant Prism          Conj/Alch      44%        3d19      2%          4
 Ignite Poison            Fire/Alch      86%        N/A       3%          4
 Sticky Flame             Fire/Alch      86%        2d13      3%          4
 Alistair's Intoxication  Alch           63%        N/A       3%          5
 Silence                  Hex/Air        47%        N/A       3%          5
 Conjure Ball Lightning   Conj/Air       52%        3x3d18    4%          6
 Flame Wave               Conj/Fire      78%        2d17      5%          4
 Dazzling Flash           Conj/Hex       100%       N/A       6%          3
 Inner Flame              Hex/Fire       60%        N/A       7%          3
 Volatile Blastmotes      Fire/Tloc      100%       2d18      7%          3
 Apportation              Tloc           76%        N/A       8%          1
 Necrotise                Necr           100%       1d9       8%          1
 Slow                     Hex            100%       N/A       8%          1
 Leda's Liquefaction      Alch/Erth      36%        N/A       8%          4
 Petrify                  Alch/Erth      73%        N/A       8%          4
 Jinxbite                 Hex            76%        N/A       12%         2
 Sublimation of Blood     Necr           38%        N/A       12%         2
 Iskenderun's Battlesphe  Conj           80%        2d13      12%         5
 Eringya's Noxious Bog    Alch           47%        4d6       13%         6
 Fireball                 Conj/Fire      39%        3d16      14%         5
 Animate Armour           Summ/Erth      100%       N/A       17%         4
 Brom's Barrelling Bould  Conj/Erth      63%        2d8       17%         4
 Iskenderun's Mystic Bla  Conj/Tloc      63%        2d13      (+2d717%    4
 Martyr's Knell           Necr/Summ      63%        N/A       17%         4
 Confusing Touch          Hex            38%        N/A       21%         3
 Passwall                 Erth           38%        N/A       21%         3
 Sigil of Binding         Hex            38%        N/A       21%         3
 Teleport Other           Tloc           38%        N/A       21%         3
 Tukima's Dance           Hex            38%        N/A       21%         3
 Vampiric Draining        Necr           38%        2d8       21%         3
 Yara's Violent Unravell  Hex/Alch       36%        3d15      21%         5
 Metabolic Englaciation   Hex/Ice        31%        N/A       41%         5
 Summon Forest            Summ/Tloc      31%        N/A       41%         5
 Summon Mana Viper        Hex/Summ       63%        N/A       41%         5
 Summon Cactus Giant      Summ           40%        N/A       47%         6
 Cause Fear               Hex            19%        N/A       52%         4
 Dimensional Bullseye     Hex/Tloc       19%        N/A       52%         4
 Dispel Undead            Necr           38%        3d16      52%         4
 Passage of Golubria      Tloc           38%        N/A       52%         4
 Starburst                Conj/Fire      39%        6d11      54%         6
 Curse of Agony           Necr           38%        N/A       86%         5
 Lee's Rapid Deconstruct  Erth           19%        3d11*     86%         5
 Bombard                  Conj/Erth      31%        9d6       91%         6
 Permafrost Eruption      Ice/Erth       31%        2x4d9     91%         6
 Orb of Destruction       Conj           40%        9d11      96%         7
 Ozocubu's Refrigeration  Ice            40%        4d16      96%         7
 Summon Hydra             Summ           40%        N/A       96%         7
 Dispersal                Tloc           19%        N/A       100%        6
 Gell's Gavotte           Tloc           19%        2d(19-29) 100%        6
 Enfeeble                 Hex            19%        N/A       100%        7
 Discord                  Hex            19%        N/A       100%        8
 Ignition                 Fire           37%        3d11      100%        8
 Lehudib's Crystal Spear  Conj/Erth      31%        10d8      100%        8
 Chain Lightning          Conj/Air       52%        3d70      100%        9
 Dragon's Call            Summ           40%        N/A       100%        9


Dungeon Overview and Level Annotations

Branches:
Dungeon (15/15)            Temple (0/1) D:7            Lair (5/5) D:10
  Swamp (4/4) Lair:2        Snake (4/4) Lair:2        Slime (0/5) Lair:5
    Orc (2/2) D:12            Elf (0/3) Orc:2        Vaults (5/5) D:14
  Crypt (0/3) Vaults:3     Depths (4/4) D:15            Zot (5/5) Depths:4
  IceCv (visited)          WizLab (visited)

Altars:
Ashenzari
Cheibriados
Dithmenos
Fedhas
Gozag
Hepliaklqana
Kikubaaqudgha
Nemelex Xobeh
Qazlal
Ru
Sif Muna
Uskayaw
Vehumet
Wu Jian
Xom
Yredelemnul
Zin
The Shining One
Beogh
Jiyva
Lugonu

Shops:
D:7 *   Orc:1 [   Orc:2 =*[(   Snake:1 :[[[   Snake:2 *   Snake:3 ::=
Vaults:2 *[![[!   Vaults:4 :   Depths:1 [

Portals:
Hell: Depths:1 Depths:2 Depths:3 Depths:4
Abyss: Depths:1 Depths:3
Pandemonium: Depths:2 Depths:4
Ziggurat: Depths:1

Annotations:
Depths:3 1 transporter


Innate Abilities, Weirdness & Mutations

Your serpentine skin is tough. (AC +9)
You have supernaturally acute eyesight. (SInv)
Armour fits poorly on your strangely shaped body.
Your system is resistant to poisons. (rPois)
You cover ground very slowly.
You can spit poison.
You can use your snake-like lower body to constrict enemies.
Your mind is acute. (Int +4, Str/Dex -1)
Your spells are a little harder to cast, but a little more powerful.


Message History

You feel extremely strange.
You feel robust.
You feel stronger.
You feel less energetic.
Really quaff the potion of mutation?
Okay, then.
Really quaff the potion of mutation?
You feel extremely strange.
You feel robust.
You feel more energetic.
You feel less in control of your magic.
You feel clever.
You start resting.
Magic restored.
You start resting.
A Voze, a chaos spawn, a Brimstone Fiend and a lich come into view.
The chaos spawn gives a hideous shriek!
The lich shouts!
You climb upwards.
There is a stone staircase leading down here.
There is a stone staircase leading up here.
You start resting.
A sun demon comes into view.
Casting: Maxwell's Capacitive Coupling (dangerous; 10% risk of failure)
Confirm with . or Enter, or press ? or * to list all spells.
You begin accumulating electric charge. (Press . to continue charging.)
You feel charge building up...
You feel charge building up...
You feel charge building up...
A sun demon comes into view.
You feel charge building up...
A sun demon comes into view.
The electricity discharges through the sun demon!!!
The sun demon vaporises in an electric haze!
You kill the sun demon!
You hear an angry hiss.
Unknown command.
You climb upwards.
There is a stone staircase leading down here.
Unknown command.
Magic restored.
There is a large open door here.
There is a staircase leading out of the dungeon here.
You have escaped!

##.#.#..≈§≈#######...# #.#.#
### ##.#.....≈§### ##..#
#.#.#
##........≈#⌠#######.###.#.#
##..#.≈....#..'.≈###..##.#.#
##....#.#..#..#.≈≈###..#.#.#
##...≈#....####.≈≈####.#.#.#
##...#.......#...≈#≈≈#.#.#.#
...#...##.#..'...≈#≈.'.#.#.#
#..##.≈≈.....'..@≈#§.'.#.#.#
#...#.#......#...≈#§≈#.#.#.#
#.....#..#.####§§§####...#.#
#....#..#..#..#§§§###......#
#..÷...§§..#..'§§###..#######
#...#...§.≈#⌠#######.#......#
#...#....§§### ##..#.####.#
...##.#.≈≈§#######..##.#.##.#
...#....≈≈###......###.#.##.#


There were no monsters in sight!

Vanquished Creatures
  2 dread liches (Zot:5)
  3 ancient liches
  Mara (Depths:2)
  2 orbs of fire (Zot:5)
  A juggernaut (Depths:4)
  Sojobo (Depths:3)
  4 Killer Klowns (Zot:5)
  Saint Roka (Depths:2)
  A caustic shrike (Depths:3)
  Nikola (Depths:2)
  Norris (Vaults:4)
  10 golden dragons
  2 profane servitors
  A bone dragon (Depths:4)
  4 electric golems
  2 Tzitzimimeh
  2 hellephants (Depths:2)
  11 tentacled monstrosities
  A walking crystal tome (Depths:4)
  30 Orb Guardians
  2 Ice Fiends
  A walking earthen tome (Depths:3)
  5 liches
  3 titans
  12 quicksilver dragons
  An Executioner (D:7)
  Asterion (Snake:1)
  7 sphinxes
  Frances (Snake:1)
  Agnes (Snake:3)
  8 death cobs
  A kraken (Swamp:3)
  4 thorn hunters (Swamp:4)
  5 shadow dragons
  The ghost of Ponisiar the Deadly Accurate, a journeyman TrGl of Wu Jian (Orc:1)
  5 draconian monks
  7 tengu reavers
  10 storm dragons
  10 protean progenitors
  A demonspawn warmonger (D:15)
  3 fenstrider witches
  13 fire giants
  4 nagarajas (Snake:4)
  9 frost giants
  16 vault wardens
  2 draconian shifters
  2 iron dragons
  7 draconian knights
  5 deep elf sorcerers
  3 ghost moths
  3 draconian scorchers
  4 reapers
  A balrug (D:13)
  6 draconian annihilators
  2 draconian stormcallers
  2 orc warlords
  14 ironbound preservers
  A spriggan defender (Depths:3)
  29 very ugly things
  A formless jellyfish (Vaults:1)
  3 ghouls
  9 stone giants
  12 ironbound thunderhulks
  A vampire knight (Depths:4)
  3 eleionomae (Swamp:2)
  2 deep elf annihilators
  A demonspawn black sun (D:15)
  8 black draconians
  10 green draconians
  7 war gargoyles
  2 deep elf demonologists (Vaults:1)
  8 red draconians
  8 white draconians
  7 dire elephants
  A spark wasp (Depths:3)
  15 purple draconians
  4 bunyips
  17 yellow draconians
  A merfolk javelineer (Depths:3)
  A green death (Depths:4)
  8 fire dragons
  A blizzard demon (D:15)
  2 deep elf high priests
  An ettin (shapeshifter) (Vaults:5)
  7 statues (WizLab)
  3 shambling mangroves
  9 ettins
  9 yaktaur captains
  Snorg (Lair:4)
  8 crystal guardians
  An entropy weaver (Vaults:5)
  A rakshasa (Depths:3)
  35 vault guards
  2 ogre magi (Vaults:5)
  3 salamander tyrants (Depths:3)
  4 peacekeepers
  18 hydras
  5 ice dragons
  9 ironbound frosthearts
  10 centaur warriors
  2 ghost crabs (Swamp:2)
  15 anacondas
  4 spriggan air magi
  7 great orbs of eyes
  Erica (D:8)
  A death knight (D:14)
  9 boulder beetles
  A dancing weapon (D:14)
  2 sphinx zombies (D:15)
  A two-headed ogre (shapeshifter) (Vaults:5)
  5 tengu warriors
  6 death yaks
  7 deep troll shamans
  2 torpor snails (shapeshifter)
  A vampire mage (D:15)
  13 two-headed ogres
  8 alligators
  9 deep troll earth magi
  13 naga sharpshooters
  A demonic crawler (Depths:4)
  10 hell hogs
  3 sun demons
  4 spriggan berserkers
  2 hell knights
  11 naga warriors
  2 orc high priests (Orc:2)
  13 shock serpents
  2 occultists
  A fire crab (shapeshifter) (Depths:3)
  4 sixfirhies
  5 skysharks
  9 iron trolls
  7 skeletal warriors
  13 swamp dragons
  7 sea snakes
  48 deep trolls
  6 glowing orange brains
  5 goliath frogs
  7 arcanists
  16 mana vipers
  11 naga ritualists
  6 spriggan druids
  An orb spider (shapeshifter) (Vaults:5)
  7 bog bodies
  3 flayed ghosts (Depths:3)
  3 phantasmal warriors
  12 lindwurms
  2 thermic dynamos (Depths:2)
  5 deep elf pyromancers
  17 ironbound convokers
  An obsidian bat (Orc:1)
  2 necromancers
  A deep elf zephyrmancer (Depths:2)
  5 spectral hydras (Swamp:4)
  2 wolf spiders (Zot:4)
  3 harpies (Vaults:4)
  7 orc knights
  3 oklob plants (Swamp:4)
  4 manticores
  2 will-o-the-wisps (Swamp:3)
  5 orc sorcerers (Orc:2)
  12 cyclopes
  55 ugly things
  32 moths of wrath
  4 kobold blastminers
  24 salamanders
  6 elephants
  3 meliai (D:14)
  6 guardian serpents
  46 black mambas
  28 vault sentinels
  A water nymph (shapeshifter) (Vaults:3)
  A cane toad (shapeshifter) (Depths:3)
  6 gargoyles
  16 naga magi
  7 cane toads
  6 unseen horrors
  24 yaktaurs
  25 tengu conjurers
  A komodo dragon (shapeshifter) (Vaults:5)
  6 komodo dragons
  An efreet (D:15)
  2 freezing wraiths
  A tormentor (Zot:5)
  An ice devil (D:14)
  3 rime drakes
  A queen bee (D:11)
  A red devil (D:10)
  3 hydra zombies (Swamp:4)
  12 trolls
  2 bloated husks
  7 polar bears
  The ghost of Posi the Conjurer, an amateur DrCj (D:4)
  21 hornets
  A hellwing (Depths:4)
  12 tyrant leeches
  2 hydra skeletons (Swamp:4)
  2 glass eyes (Depths:3)
  3 snapping turtles (Zot:4)
  7 dream sheep (Lair:5)
  58 slime creatures
  4 blink frogs
  23 spriggans
  4 shadows
  3 water elementals
  3 air elementals (Depths:2)
  3 wraiths
  2 ynoxinuls
  28 yaks
  2 vampires
  A golden eye (D:7)
  2 wyverns
  2 wargs (Orc:1)
  3 basilisks
  3 neqoxecs
  3 steam dragons
  19 vampire mosquitoes
  A death yak simulacrum (IceCv)
  58 nagas
  A small abomination (D:10)
  An acid dragon (D:11)
  7 hell hounds
  9 water moccasins
  18 swamp worms
  A sky beast (D:7)
  An ice beast (D:4)
  3 laughing skulls
  3 black bears
  3 swamp dragon zombies (Swamp:4)
  17 orc warriors
  4 ogres
  5 boggarts
  26 wolves
  A swamp dragon skeleton (Swamp:4)
  9 centaurs
  2 phantoms
  A kobold brigand (D:8)
  13 bullfrogs
  2 earth elementals (Depths:2)
  4 gnoll sergeants
  3 scorpions
  A wight (D:9)
  18 killer bees
  3 howler monkeys
  A bombardier beetle (D:5)
  28 orc priests
  2 gnoll boudas
  3 hounds
  2 jellies
  Natasha (D:2)
  Ijyb (D:3)
  4 iguanas
  31 orc wizards
  A polar bear simulacrum (IceCv)
  24 gnolls
  4 adders
  A river rat (D:10)
  A swamp drake zombie (Swamp:4)
  3 shadow imps
  A swamp drake skeleton (Swamp:4)
  A white imp (D:7)
  2 ufetubi (D:6)
  2 dart slugs
  68 orcs
  8 ball pythons
  6 endoplasms
  5 giant cockroaches
  7 goblins
  7 hobgoblins
  7 jackals
  5 kobolds
  2 quokkas (D:1)
  6 bats
  3 frilled lizards
  4 rats
  2 tentacles (Swamp:3)
1949 creatures vanquished.

Vanquished Creatures (collateral kills)
  A titan (Vaults:5)
  A tentacled monstrosity (Depths:3)
  2 sphinxes (Vaults:5)
  A death cob (Zot:4)
  A shadow dragon (Vaults:5)
  A storm dragon (Vaults:5)
  A vault warden (Vaults:5)
  2 protean progenitors (Zot:4)
  A fire giant (Vaults:5)
  An ironbound preserver (Vaults:5)
  2 stone giants (Vaults:5)
  An ettin (Vaults:5)
  2 yaktaur captains
  A great orb of eyes (Vaults:4)
  2 vault guards
  A peacekeeper (Vaults:3)
  A hydra (Lair:4)
  A catoblepas (Lair:4)
  A centaur warrior (D:8)
  A dancing weapon (D:14)
  2 death yaks
  A naga warrior (Snake:2)
  The ghost of Fodor the Cleaver, a novice MiFi (D:8)
  2 sea snakes (Zot:4)
  2 deep trolls (Vaults:4)
  An orb spider (shapeshifter) (Vaults:5)
  4 ugly things
  5 elephants
  A moth of wrath (Zot:4)
  A black mamba (Lair:5)
  Joseph (D:8)
  The ghost of ForkInBrain the Scratcher, a novice FeCA of Ignis (D:7)
  A vault sentinel (Vaults:4)
  2 ice statues (IceCv)
  9 cane toads
  7 komodo dragons
  A polar bear (Lair:5)
  4 blink frogs (Lair:3)
  5 slime creatures (D:14)
  2 spriggans (Lair:5)
  A dire elephant simulacrum (IceCv)
  12 yaks
  A wyvern (D:9)
  3 basilisks
  A steam dragon (Lair:1)
  A swamp worm (Lair:2)
  6 water moccasins
  A hydra simulacrum (IceCv)
  An ice beast (D:8)
  A laughing skull (D:14)
  A black bear (Lair:5)
  A boggart (Lair:5)
  22 wolves
  2 kobold brigands
  A gnoll sergeant (D:8)
  3 bullfrogs
  7 wights
  A howler monkey (D:8)
  An orc priest (D:9)
  A hell rat (D:10)
  An orc wizard (D:9)
  4 gnolls (D:8)
  An orc (D:9)
  4 kobolds (D:9)
156 creatures vanquished.

Vanquished Creatures (others)
  A lich (Depths:2)
  A spriggan air mage (Depths:3)
  An alligator (Swamp:4)
  A swamp dragon (Swamp:2)
  An ugly thing (IceCv)
  A tengu conjurer (WizLab)
  A hornet (Swamp:1)
  A slime creature (D:14)
  A yak (D:8)
  A naga (Snake:4)
  A wolf simulacrum (IceCv)
  An orc (D:4)
  6 fire vortices (D:14)
  18 foxfires
  6 tentacles (Swamp:3)
42 creatures vanquished.

Grand Total: 2147 creatures vanquished

Notes
Turn   | Place    | Note
-------+----------+-------------------------------------------
     0 | D:1      | starberry the Naga Artificer began the quest for the Orb.
     0 | D:1      | Reached XP level 1. HP: 18/18 MP: 1/1
    91 | D:1      | Reached XP level 2. HP: 21/26 MP: 2/2
   663 | D:1      | Reached XP level 3. HP: 33/33 MP: 3/3
  1418 | D:2      | Found a snail-covered altar of Cheibriados.
  2350 | D:3      | Noticed Natasha
  2361 | D:2      | Killed Natasha
  2362 | D:2      | Reached XP level 4. HP: 35/44 MP: 4/4
  2766 | D:3      | Noticed Ijyb
  2917 | D:3      | Reached skill level 1 in Spellcasting
  2924 | D:3      | Killed Ijyb
  2925 | D:3      | Reached XP level 5. HP: 27/50 MP: 4/8
  3097 | D:3      | Found a faded altar of an unknown god.
  3126 | D:3      | Found a glowing silver altar of Zin.
  3382 | D:3      | Learned a level 2 spell: Mercury Vapours
  3477 | D:4      | Found a transporter.
  3484 | D:4      | Found a transporter.
  3584 | D:4      | Found a hazy altar of Hepliaklqana.
  3585 | D:4      | Found a shimmering altar of Xom.
  3585 | D:4      | Noticed a torpor snail
  3586 | D:4      | Noticed a spectral ugly thing
  3586 | D:4      | Noticed a torpor snail
  3612 | D:4      | Reached skill level 1 in Alchemy
  3759 | D:4      | Reached skill level 1 in Air Magic
  3809 | D:4      | Found a sparkling altar of Nemelex Xobeh.
  3815 | D:4      | Became a worshipper of Nemelex Xobeh the Trickster
  3834 | D:4      | Reached XP level 6. HP: 55/57 MP: 9/9
  3841 | D:4      | Found a stormy altar of Qazlal.
  3967 | D:4      | Found a runed translucent gate.
  3967 | D:4      | Found a runed translucent gate.
  3971 | D:4      | Found a runed translucent gate.
  3973 | D:4      | Identified the +4 short sword of Animyom {flame, rN+ Will-
                  | Str+3}
  3973 | D:4      | Identified the +3 leather armour "Ewadaj" {MP+9 Dex+3}
  3974 | D:4      | Noticed Posi's ghost (amateur DrCj)
  3992 | D:4      | Reached skill level 1 in Invocations
  4187 | D:4      | Reached skill level 2 in Air Magic
  4192 | D:4      | Learned a level 4 spell: Summon Lightning Spire
  4509 | D:4      | Found a roughly hewn altar of Beogh.
  4584 | D:4      | Reached XP level 7. HP: 47/64 MP: 11/11
  4731 | D:5      | Entered Level 5 of the Dungeon
  4799 | D:4      | Reached skill level 1 in Summonings
  4838 | D:5      | Reached skill level 3 in Air Magic
  5153 | D:5      | Reached * piety under Nemelex Xobeh
  5191 | D:5      | Learned a level 3 spell: Mephitic Cloud
  5270 | D:5      | Found an ancient bone altar of Kikubaaqudgha.
  5833 | D:6      | Reached XP level 8. HP: 71/72 MP: 9/13
  6202 | D:6      | Found a radiant altar of Vehumet.
  6209 | D:6      | Received a gift from Nemelex Xobeh
  6354 | D:6      | Reached skill level 4 in Air Magic
  7326 | D:7      | Reached skill level 5 in Air Magic
  7597 | D:7      | Reached ** piety under Nemelex Xobeh
  7603 | D:7      | Found a staircase to the Ecumenical Temple.
  7612 | D:7      | Got Teerch Saett's Elementary Casting
  7623 | D:7      | Found an opulent altar of Gozag.
  7623 | D:7      | Found Gozag's Platinum Reserve.
  7756 | D:7      | Found a runed translucent door.
  7756 | D:7      | Noticed ForkInBrain's ghost (novice FeCA)
  7768 | D:7      | Found a hide-covered altar of Uskayaw.
  8068 | D:7      | Reached skill level 6 in Air Magic
  8068 | D:7      | Reached XP level 9. HP: 78/78 MP: 12/15
  8138 | D:7      | Found a glowing golden altar of the Shining One.
  8341 | D:7      | Found a broken altar of Ashenzari.
  8472 | D:8      | Noticed Erica
  8504 | D:8      | Killed Erica
  8505 | D:8      | Reached skill level 5 in Summonings
  8505 | D:8      | Reached skill level 7 in Air Magic
  8770 | D:8      | Found a transporter.
  8771 | D:8      | Identified the +7 spear of Fecwump {venom, ^Drain +Blink
                  | rN+ Will+ Str+2}
  8771 | D:8      | Identified the +1 scale mail "Berromimiy" {rPois rC+}
  8771 | D:8      | Identified the +4 kite shield "Hyshral" {rF+++ Int+3}
  8918 | D:8      | Noticed a centaur warrior
  8939 | D:8      | Reached skill level 8 in Air Magic
  8941 | D:8      | Killed a centaur warrior
  8942 | D:8      | Reached skill level 5 in Spellcasting
  8942 | D:8      | Reached XP level 10. HP: 8/85 MP: 6/18
  9182 | D:8      | Noticed Joseph
  9195 | D:8      | Reached skill level 1 in Conjurations
  9206 | D:8      | Killed Joseph
  9207 | D:8      | Reached skill level 9 in Air Magic
  9370 | D:8      | Identified the amulet "Peiled" {Reflect rPois Dex+2 SH+5
                  | Stlth+}
  9766 | D:8      | Found a transporter.
  9773 | D:8      | Identified the +0 morningstar of the Foot {flame, rF-
                  | Will++ Int+3}
  9790 | D:8      | Identified the ring "Ybroqaj" {+Blink rC- Dex-3 Slay+4
                  | Stlth+}
 10069 | D:8      | Noticed Fodor's ghost (novice MiFi)
 10330 | D:9      | Noticed a two-headed ogre
 10367 | D:9      | Killed a two-headed ogre
 10368 | D:9      | Reached skill level 5 in Fighting
 10557 | D:9      | Learned a level 5 spell: Freezing Cloud
 10565 | D:9      | Reached *** piety under Nemelex Xobeh
 10855 | D:9      | Reached XP level 11. HP: 94/94 MP: 16/21
 11049 | D:9      | Received a gift from Nemelex Xobeh
 11181 | D:9      | Reached skill level 1 in Ice Magic
 11327 | D:10     | Entered Level 10 of the Dungeon
 11496 | D:10     | Reached skill level 10 in Air Magic
 11869 | D:10     | Found a staircase to the Lair.
 12167 | Lair:1   | Entered Level 1 of the Lair of Beasts
 12213 | Lair:1   | Noticed a lindwurm
 12224 | Lair:1   | Killed a lindwurm
 12225 | Lair:1   | Reached skill level 5 in Conjurations
 12333 | Lair:1   | Reached **** piety under Nemelex Xobeh
 12369 | Lair:1   | Received a gift from Nemelex Xobeh
 13406 | Lair:2   | Reached skill level 5 in Ice Magic
 13473 | Lair:2   | Reached XP level 12. HP: 81/103 MP: 20/24
 13553 | Lair:2   | Noticed a five-headed hydra
 13571 | Lair:2   | Noticed a skyshark
 13572 | Lair:2   | Killed a five-headed hydra
 13576 | Lair:2   | Killed a skyshark
 13714 | Lair:2   | Received a gift from Nemelex Xobeh
 13717 | Lair:2   | Found a staircase to the Swamp.
 14036 | Lair:2   | Reached skill level 11 in Air Magic
 14112 | Lair:2   | Reached skill level 5 in Invocations
 14142 | Lair:2   | Found a staircase to the Snake Pit.
 14430 | Lair:2   | Received a gift from Nemelex Xobeh
 15039 | Lair:3   | Reached ***** piety under Nemelex Xobeh
 15414 | Lair:3   | Received a gift from Nemelex Xobeh
 15871 | Lair:3   | Received a gift from Nemelex Xobeh
 16645 | Lair:4   | Gained mutation: You can use your snake-like lower body to
                  | constrict enemies. [Naga growth]
 16645 | Lair:4   | Reached XP level 13. HP: 86/109 MP: 24/26
 16689 | Lair:4   | Found a frozen archway.
 16724 | IceCv    | Entered an ice cave
 16743 | IceCv    | Reached skill level 12 in Air Magic
 16919 | IceCv    | Found a transporter.
 16935 | IceCv    | Found a transporter.
 17250 | Lair:4   | Received a gift from Nemelex Xobeh
 17343 | Lair:4   | Noticed Snorg
 17353 | Lair:4   | Killed Snorg
 17608 | Lair:4   | Reached skill level 10 in Spellcasting
 17734 | Lair:4   | Noticed Sonja
 17791 | Lair:4   | Sonja changed into Sonja the hound
 17791 | Lair:4   | Noticed Sonja
 17793 | Lair:4   | Killed Sonja the hound
 18028 | Lair:4   | Identified the +8 mace "Thing" {venom, Int+2 Dex+5}
 18394 | Lair:5   | Entered Level 5 of the Lair of Beasts
 18394 | Lair:5   | Received a gift from Nemelex Xobeh
 19069 | Lair:4   | Reached skill level 13 in Air Magic
 19133 | Lair:4   | Learned a level 8 spell: Maxwell's Capacitive Coupling
 19588 | Lair:4   | HP: 5/109 [death yak (19)]
 19589 | Lair:4   | Reached XP level 14. HP: 6/117 MP: 22/28
 20221 | Lair:5   | Reached skill level 10 in Invocations
 21462 | Lair:5   | Received a gift from Nemelex Xobeh
 21570 | Lair:5   | Found a staircase to the Slime Pits.
 21570 | Lair:5   | Found a viscous altar of Jiyva.
 22116 | D:4      | Killed Posi's ghost
 22351 | D:7      | Killed ForkInBrain's ghost
 22695 | D:11     | Reached skill level 1 in Shields
 23123 | D:11     | Reached skill level 14 in Air Magic
 23360 | D:11     | Received a gift from Nemelex Xobeh
 24383 | D:12     | Noticed a fire giant
 24410 | D:12     | Received a gift from Nemelex Xobeh
 24581 | D:12     | Reached XP level 15. HP: 88/128 MP: 26/31
 24626 | D:12     | Banished a fire giant
 25027 | D:12     | Identified the ring of Cowardice {MP+9 EV+5 Str+2 Int+3
                  | Dex-5}
 25070 | D:12     | Identified the +7 chain mail of Limited Liability {Dex+5}
 25551 | D:12     | Found a staircase to the Orcish Mines.
 25716 | D:12     | Received a gift from Nemelex Xobeh
 26262 | Orc:1    | Entered Level 1 of the Orcish Mines
 26366 | Orc:1    | Found Ilig's Antique Armour Emporium.
 26370 | Orc:1    | Reached ****** piety under Nemelex Xobeh
 26444 | Orc:1    | Found a roughly hewn altar of Beogh.
 26978 | Orc:1    | Found a transporter.
 27143 | Orc:1    | Noticed Ponisiar's ghost (journeyman TrGl)
 27143 | Orc:1    | Identified the +6 great mace of Slow Death {elec, Stlth+}
 27143 | Orc:1    | Identified the +11 giant club of Corporal Punishment
                  | {flame, *Noise rN+++ rCorr Str-5}
 27144 | Orc:1    | Found a transporter.
 27274 | Orc:2    | Entered Level 2 of the Orcish Mines
 27460 | Orc:2    | Found a staircase to the Elven Halls.
 27601 | Orc:2    | Reached skill level 5 in Shields
 28361 | Orc:2    | Found Mecriet's General Store.
 28361 | Orc:2    | Found Weq Huob's Weapon Boutique.
 28361 | Orc:2    | Found Bairch's Armour Boutique.
 28367 | Orc:2    | Found Foipast's Jewellery Shop.
 28372 | Orc:2    | Bought a scroll of identify for 24 gold pieces
 28372 | Orc:2    | Bought a scroll of identify for 24 gold pieces
 28609 | Orc:2    | Received a gift from Nemelex Xobeh
 28915 | Orc:1    | Bought a runed buckler for 240 gold pieces
 29053 | D:13     | Reached skill level 15 in Air Magic
 29227 | D:13     | Received a gift from Nemelex Xobeh
 30331 | D:14     | Reached skill level 5 in Evocations
 30890 | D:14     | Received a gift from Nemelex Xobeh
 31108 | D:14     | Reached XP level 16. HP: 86/140 MP: 26/33
 31482 | D:14     | Found a gate to the Vaults.
 31541 | D:14     | Reached skill level 16 in Air Magic
 31725 | D:14     | Received a gift from Nemelex Xobeh
 32064 | D:15     | Entered Level 15 of the Dungeon
 32414 | D:15     | Received a gift from Nemelex Xobeh
 32570 | D:15     | Found a staircase to the Depths.
 33964 | D:15     | Reached skill level 17 in Air Magic
 35294 | D:8      | Killed Fodor's ghost
 35676 | Snake:1  | Entered Level 1 of the Snake Pit
 36320 | Snake:1  | Received a gift from Nemelex Xobeh
 36351 | Snake:1  | Found Rylusoi's Book Shop.
 36355 | Snake:1  | Found Bas Deni's Armour Boutique.
 36355 | Snake:1  | Found Ziost's Armour Shop.
 36409 | Snake:1  | Found Cidier's Antique Armour Boutique.
 36586 | Snake:1  | Noticed Frances
 36602 | Snake:1  | Killed Frances
 36603 | Snake:1  | Reached skill level 18 in Air Magic
 36715 | Snake:1  | Received a gift from Nemelex Xobeh
 36900 | Snake:1  | Noticed Asterion
 36909 | Snake:1  | Killed Asterion
 37737 | Snake:2  | Reached XP level 17. HP: 112/146 MP: 34/34
 37939 | Snake:2  | Identified the +2 leather armour "Yhujeorch" {^Contam
                  | Rampage rF++ Str-3}
 38159 | Snake:2  | Received a gift from Nemelex Xobeh
 38315 | Snake:2  | You fall into a shaft and drop 1 floor!
 38394 | Snake:3  | Noticed Agnes
 38403 | Snake:3  | Killed Agnes
 38528 | Snake:2  | Found Kiyfoneo's Assorted Antiques.
 38536 | Snake:2  | Bought a scroll labelled RIRUNI FEAPS for 35 gold pieces
 38947 | Snake:3  | Received a gift from Nemelex Xobeh
 39326 | Snake:3  | Received a gift from Nemelex Xobeh
 39963 | Snake:3  | Found Enexoedu's Jewellery Shop.
 39963 | Snake:3  | Found Efeedietet's Book Shoppe.
 39964 | Snake:3  | Found Fenyoh Umir's Book Shoppe.
 39982 | Snake:3  | Bought a book of Lightning for 576 gold pieces
 39988 | Snake:3  | Learned a level 5 spell: Arcjolt
 39995 | Snake:3  | Learned a level 6 spell: Plasma Beam
 40063 | Snake:4  | Entered Level 4 of the Snake Pit
 40135 | Snake:4  | Reached skill level 10 in Shields
 40331 | Snake:4  | Received a gift from Nemelex Xobeh
 40355 | Snake:4  | Reached skill level 1 in Fire Magic
 40930 | Snake:3  | Reached XP level 18. HP: 107/154 MP: 18/36
 41479 | Snake:4  | Reached skill level 15 in Spellcasting
 42008 | Snake:4  | Reached skill level 19 in Air Magic
 42085 | Snake:4  | Got a serpentine rune of Zot
 42284 | Snake:4  | Received a gift from Nemelex Xobeh
 42630 | Swamp:1  | Entered Level 1 of the Swamp
 42643 | Swamp:1  | Reached skill level 5 in Fire Magic
 42891 | Swamp:1  | Received a gift from Nemelex Xobeh
 43911 | Swamp:1  | Received a gift from Nemelex Xobeh
 44510 | Swamp:2  | Received a gift from Nemelex Xobeh
 44808 | Swamp:2  | Paralysed by a hornet for 3 turns
 45179 | Swamp:2  | Received a gift from Nemelex Xobeh
 45419 | Swamp:3  | Reached XP level 19. HP: 134/165 MP: 38/38
 46207 | Swamp:4  | Entered Level 4 of the Swamp
 46218 | Swamp:4  | Reached skill level 10 in Fighting
 46901 | Swamp:3  | Paralysed by a fenstrider witch for 2 turns
 47379 | Swamp:4  | Received a gift from Nemelex Xobeh
 48486 | Swamp:4  | Found a basalt altar of Yredelemnul.
 48574 | Swamp:4  | Found a blossoming altar of Fedhas.
 48800 | Swamp:4  | Got a decaying rune of Zot
 49087 | Orc:1    | Killed Ponisiar's ghost
 49088 | Orc:1    | Reached skill level 15 in Shields
 49394 | Vaults:1 | Entered Level 1 of the Vaults
 50012 | Vaults:1 | Reached XP level 20. HP: 108/182 MP: 39/39
 50603 | Vaults:1 | Paralysed by a formless jellyfish for 1 turns
 51660 | Vaults:1 | Reached skill level 15 in Fighting
 51793 | Vaults:1 | Received a gift from Nemelex Xobeh
 52173 | Vaults:2 | Found Hahoidi Iguu's Distillery.
 52182 | Vaults:2 | Bought a potion of curing for 60 gold pieces
 52182 | Vaults:2 | Bought a potion of heal wounds for 100 gold pieces
 52182 | Vaults:2 | Bought a potion of cancellation for 160 gold pieces
 52182 | Vaults:2 | Bought 2 potions of cancellation for 320 gold pieces
 52189 | Vaults:2 | Found Riveme's Antique Armour Shop.
 52212 | Vaults:2 | Bought a pair of glimmering gloves for 304 gold pieces
 52212 | Vaults:2 | Identified the -1 pair of gloves of Submission {Int+2} (You
                  | bought it in a shop on level 2 of the Vaults)
 52214 | Vaults:2 | Bought a barding for 736 gold pieces
 52284 | Vaults:2 | Found Fussaoto's Distillery.
 52293 | Vaults:2 | Bought a potion of resistance for 160 gold pieces
 52293 | Vaults:2 | Bought a potion of heal wounds for 80 gold pieces
 52293 | Vaults:2 | Bought a potion of heal wounds for 80 gold pieces
 52293 | Vaults:2 | Bought a potion of cancellation for 128 gold pieces
 52321 | Vaults:2 | Found Eshoqean's Antique Armour Shop.
 52479 | Vaults:2 | Found a magical portal.
 52488 | WizLab   | Entered Iskenderun's Mystic Tower
 52655 | WizLab   | Received a gift from Nemelex Xobeh
 53999 | WizLab   | Reached XP level 21. HP: 201/201 MP: 40/40
 54048 | WizLab   | Got Iskenderun's Vellum of Bombardment
 54048 | WizLab   | Got Iskenderun's Incunable of Arcane Weapons
 54161 | Vaults:2 | Found Wasygeth's Assorted Antiques.
 54171 | Vaults:2 | Reached skill level 5 in Armour
 54389 | Vaults:2 | You fall into a shaft and drop 2 floors!
 54411 | Vaults:4 | Noticed Norris
 54415 | Vaults:4 | Killed Norris
 54426 | Vaults:4 | Identified the +4 executioner's axe "Dube" {flame, Stlth+}
 55000 | Vaults:4 | Received a gift from Nemelex Xobeh
 55081 | Vaults:4 | Found Sappenurch's Book Emporium.
 55876 | Vaults:2 | Received a gift from Nemelex Xobeh
 55920 | Vaults:2 | Identified the +2 long sword "Lecuab" {pain, rC+ Will+}
 55923 | Vaults:2 | Identified the +2 long sword of Instinct {pain, Int+6}
 56199 | Vaults:2 | Found Mulula's Armour Emporium.
 56462 | Vaults:2 | Identified the +3 falchion of the Skies Above {flame,
                  | Dex+2}
 56689 | Vaults:3 | Identified the +5 ring mail of Eddee {rPois rN++ rCorr
                  | Stlth-}
 57229 | Vaults:3 | Found a portal to a secret trove of treasure.
 57404 | Vaults:3 | Reached XP level 22. HP: 173/217 MP: 28/42
 57554 | Vaults:3 | Received a gift from Nemelex Xobeh
 57860 | Vaults:3 | Found a staircase to the Crypt.
 57860 | Vaults:3 | Found a basalt altar of Yredelemnul.
 57861 | Vaults:3 | Found an ancient bone altar of Kikubaaqudgha.
 57951 | Vaults:3 | Found the +4 consecrated labrys {holy, Valiant ^Fragile Fly
                  | SInv}
 58060 | Vaults:3 | Received a gift from Nemelex Xobeh
 58623 | Vaults:4 | Reached skill level 10 in Armour
 59231 | Vaults:4 | Received a gift from Nemelex Xobeh
 59613 | Vaults:3 | You paid a toll of 3 scrolls of blinking to enter a
                  | treasure trove
 59614 | Trove    | Entered a treasure trove
 59628 | Trove    | Got Sif Muna's Second Course in Sorcery
 59634 | Trove    | Got the Tractate on the Virous Sixfirhy
 59655 | Trove    | Got Sif Muna's Guidebook on the Gelid Dragon
 59813 | Depths:1 | Entered Level 1 of the Depths
 59876 | Depths:1 | Identified the +11 dagger of Gluttony {flame, Str-5 Dex+5}
 60269 | Depths:1 | Received a gift from Nemelex Xobeh
 60388 | Depths:1 | Found a gateway to Hell.
 60448 | Depths:1 | Found a one-way gateway to a ziggurat.
 60482 | Depths:1 | Got the Compilation of Conjuring
 60623 | Depths:1 | Found a corrupted altar of Lugonu.
 60623 | Depths:1 | Found a one-way gate to the infinite horrors of the Abyss.
 60702 | Depths:1 | Found Poimajoq's Armour Shop.
 60734 | Depths:1 | Found a shadowy altar of Dithmenos.
 61013 | Depths:1 | Received a gift from Nemelex Xobeh
 61362 | Depths:1 | Found a shimmering blue altar of Sif Muna.
 61990 | Depths:2 | Found an ornate altar of the Wu Jian Council.
 61990 | Depths:2 | Received a gift from Nemelex Xobeh
 62006 | Depths:2 | Noticed Saint Roka
 62010 | Depths:2 | Killed Saint Roka
 62023 | Depths:2 | Noticed Mara
 62031 | Depths:2 | Killed Mara
 62673 | Depths:2 | Found a one-way gate leading to the halls of Pandemonium.
 63111 | Depths:2 | Noticed Nikola
 63115 | Depths:2 | Killed Nikola
 63116 | Depths:2 | Reached skill level 15 in Invocations
 63356 | Depths:2 | Paralysed by an air elemental for 1 turns
 63360 | Depths:2 | Paralysed by an air elemental for 1 turns
 63362 | Depths:2 | Paralysed by an air elemental for 1 turns
 63365 | Depths:2 | Paralysed by an air elemental for 1 turns
 63367 | Depths:2 | Paralysed by an air elemental for 1 turns
 63632 | Depths:2 | Identified the +6 broad axe of the Manifold Souls {drain,
                  | rElec Int+3 Dex+2}
 64003 | Depths:2 | Noticed an ancient lich
 64008 | Depths:2 | Killed an ancient lich
 64009 | Depths:2 | Reached XP level 23. HP: 198/224 MP: 43/43
 64092 | Depths:2 | Identified the +5 hand cannon of Gehenna {antimagic, rN+
                  | Int+5}
 64093 | Depths:2 | Identified the +1 pair of boots of the Mauling Gods {rElec
                  | Will+}
 64501 | Depths:3 | Reached skill level 20 in Air Magic
 64605 | Depths:3 | Identified the ring "Ijifam" {^Drain rPois Will+ Str+4
                  | Slay+5}
 64788 | Depths:3 | Noticed Sojobo
 64793 | Depths:3 | Killed Sojobo
 65284 | Depths:3 | Noticed a golden dragon
 65308 | Depths:2 | Killed a golden dragon
 65593 | Depths:3 | Received a gift from Nemelex Xobeh
 65621 | Depths:3 | Identified the ring "Maetas" {*Slow rElec rCorr Str+6
                  | Stlth+}
 65957 | Depths:3 | Noticed a caustic shrike
 65961 | Depths:3 | Killed a caustic shrike
 65978 | Depths:3 | Found a transporter.
 66408 | Depths:3 | Noticed a golden dragon
 66428 | Depths:3 | Killed a golden dragon
 66580 | Depths:3 | Identified the amulet of Akhlu Lorph {Acrobat Int+4}
 67108 | Depths:3 | Found a sacrificial altar of Ru.
 67181 | Depths:3 | Identified the ring of Goplifir {rElec Will+ Int+3 Stlth+}
 67302 | Depths:4 | Entered Level 4 of the Depths
 67632 | Depths:4 | Reached skill level 1 in Dodging
 67705 | Depths:4 | Noticed a juggernaut
 67716 | Depths:4 | Killed a juggernaut
 68151 | Depths:4 | Reached XP level 24. HP: 192/236 MP: 39/44
 68590 | Depths:4 | Received a gift from Nemelex Xobeh
 69055 | Depths:4 | Found a gate to the Realm of Zot.
 70010 | Vaults:5 | Entered Level 5 of the Vaults
 70010 | Vaults:5 | Received a gift from Nemelex Xobeh
 70015 | Vaults:5 | Reached skill level 5 in Dodging
 70318 | Vaults:4 | You fall into a shaft and drop 1 floor!
 70321 | Vaults:5 | Found the +8 trishula "Condemnation" {holy, anguish, *Noise
                  | Fly rN+}
 70669 | Vaults:5 | Identified the +2 scale mail of the Villain {Rampage Fly}
 70979 | Vaults:5 | Identified the +0 helmet of Past Mistakes {rElec Will+
                  | Int-4}
 71107 | Vaults:5 | Identified the +3 leather armour of Odopp {rPois rN+ rCorr
                  | Str+3}
 71345 | Vaults:5 | Reached skill level 21 in Air Magic
 71902 | Vaults:5 | Noticed an ancient lich
 72111 | Vaults:5 | Killed an ancient lich
 72577 | Vaults:5 | Got a silver rune of Zot
 72631 | Vaults:5 | Identified the +8 arbalest of Mibikits {elec, rC+}
 72931 | Vaults:5 | Identified a scroll of acquirement
 72932 | Vaults:5 | Acquired 966 gold pieces
 73443 | Zot:1    | Entered Level 1 of the Realm of Zot
 73472 | Depths:4 | Reached XP level 25. HP: 114/244 MP: 44/44
 73696 | Zot:1    | Reached skill level 1 in Axes
 73932 | Zot:1    | Received a gift from Nemelex Xobeh
 74701 | Zot:1    | Reached skill level 5 in Axes
 74991 | Zot:1    | Received a gift from Nemelex Xobeh
 77630 | Zot:2    | Reached skill level 10 in Axes
 77873 | Zot:2    | Received a gift from Nemelex Xobeh
 77992 | Zot:2    | You fall into a shaft and drop 1 floor!
 79460 | Zot:3    | Learned a level 5 spell: Irradiate
 79748 | Zot:3    | Received a gift from Nemelex Xobeh
 80398 | Zot:4    | Received a gift from Nemelex Xobeh
 80601 | Zot:4    | Identified the +0 hand axe "Unuin" {speed, +Blink}
 80614 | Zot:4    | Reached skill level 5 in Alchemy
 80622 | Zot:4    | Reached XP level 26. HP: 142/253 MP: 41/44
 81067 | Zot:4    | Received a gift from Nemelex Xobeh
 81525 | Zot:5    | Entered Level 5 of the Realm of Zot
 82671 | Zot:5    | Received a gift from Nemelex Xobeh
 83458 | Zot:5    | Noticed a Killer Klown
 83461 | Zot:5    | Noticed a Killer Klown
 83462 | Zot:5    | Killed a Killer Klown
 83463 | Zot:5    | Reached skill level 10 in Alchemy
 83466 | Zot:5    | Killed a Killer Klown
 83691 | Zot:5    | Noticed an orb of fire
 83954 | Zot:5    | Gained mutation: You are frail. (-10% HP) [an orb of fire]
 83965 | Zot:5    | Noticed a dread lich
 83970 | Zot:5    | Killed a dread lich
 83971 | Zot:5    | Reached skill level 15 in Axes
 84020 | Zot:5    | Killed an orb of fire
 84400 | Zot:5    | Noticed a dread lich
 84410 | Zot:5    | Killed a dread lich
 84807 | Zot:5    | Noticed a Killer Klown
 84813 | Zot:5    | Noticed an orb of fire
 84822 | Zot:5    | Noticed a Killer Klown
 84943 | Zot:5    | Noticed an ancient lich
 84947 | Zot:5    | Killed an ancient lich
 85086 | Zot:5    | Killed an orb of fire
 85171 | Zot:5    | Killed a Killer Klown
 85215 | Zot:5    | Got the Orb of Zot
 85245 | Zot:5    | Killed a Killer Klown
 85369 | Depths:4 | Reached XP level 27. HP: 194/234 MP: 27/44
 85559 | D:14     | Gained mutation: You are weak. (Str -2) [a neqoxec]
 85888 | D:10     | Noticed Goxug the pandemonium lord
 85894 | D:10     | HP: 9/204 [Brimstone Fiend[Goxug] (13)]
 86328 | D:7      | Gained mutation: You are very frail. (-20% HP) [mutagenic
                  | glow]
 86438 | D:3      | Lost mutation: You are very frail. (-20% HP) [potion of
                  | mutation]
 86438 | D:3      | Lost mutation: You are weak. (Str -2) [potion of mutation]
 86438 | D:3      | Gained mutation: Your magical capacity is low. (-10% MP)
                  | [potion of mutation]
 86439 | D:3      | Lost mutation: You are frail. (-10% HP) [potion of
                  | mutation]
 86439 | D:3      | Lost mutation: Your magical capacity is low. (-10% MP)
                  | [potion of mutation]
 86439 | D:3      | Gained mutation: Your spells are a little harder to cast,
                  | but a little more powerful. [potion of mutation]
 86439 | D:3      | Gained mutation: Your mind is acute. (Int +4, Str/Dex -1)
                  | [potion of mutation]
 86491 | D:3      | Noticed Voze the pandemonium lord
 86567 | D:$      | Escaped with the Orb!

Illustrated notes

Levels and vault maps discovered:
D:1:      denvon_arrival_hothouse, layout_basic, chequers_serial_rivers_large_a
D:2:      layout_loops_corners, basic_altar
D:3:      layout_basic, mainiacjoe_overflow_catwalk,
          hellmonk_ecumenical_altar_arch_garden,
          nicolae_concentric_dashed_squares_mild, chequers_big_river,
          uniq_natasha, uniq_ijyb
D:4:      gammafunk_wand_slinger, layout_basic, regret_index_temple_of_mockery,
          nemelex_spade_bored_becter, nicolae_qazlal_general_emergency,
          biasface_ghost_orc_armoury
D:5:      layout_basic, nicolae_kikubaaqudgha_miasma_corner
D:6:      layout_loops_ring, mainiacjoe_overflow_brackets, minivault_10,
          supply_closet_lemuel, st_stairs_1
D:7:      layout_loops_corners, mainiacjoe_overflow_cross_hatched,
          nicolae_gozag_zags_fifth_avenue, lemuel_doored_altar,
          mainiacjoe_overflow_alcove_2, minmay_temple_entry_offerings,
          gammafunk_ghost_grave
D:8:      layout_basic, gammafunk_ghost_gnarly_gnolls, nzn_random_ring,
          uniq_joseph, uniq_erica
D:9:      layout_loops_corners, kennysheep_generic_room_4
D:10:     layout_irregular_city, dpeg_lair_monsters, minmay_misc_feat_rows
D:11:     layout_basic, nicolae_looking_at_the_future
D:12:     minmay_the_grid_3x3 [minmay_the_grid_zigzag_pyramid,
          minmay_the_grid_diamond_grid, minmay_the_grid_minigrid_medium,
          minmay_the_grid_spikes, minmay_the_grid_slots,
          minmay_the_grid_outer_diamond, minmay_the_grid_tiny_cups,
          minmay_the_grid_minigrid_small, minmay_the_grid_prize_diamond_cup],
          layout_long_grid, david_orc_2, dreamdust_princess_corridor
D:13:     layout_loops_ring, minmay_microvault
D:14:     layout_irregular_city, erik_vaults_1, nrook_pool_corridor
D:15:     gammafunk_depths_entry_grave, layout_gridville, serial_bayou_pond_c
Lair:1:   layout_roguey
Lair:2:   hellmonk_ruined_rings, layout_gridlike, minmay_swamp_entry_worms,
          alex1729_snake_entry_snake, lemuel_fruit_tree
Lair:3:   layout_layer_cave
Lair:4:   layout_regular_city, portal_ice_cave_entry_animals_and_master,
          infiniplex_staircase_pool_2, grunt_megastairs_2, uniq_sonja,
          uniq_snorg
Lair:5:   minmay_lair_end_enchanted_forest, layout_cave_pods, slime_entry_1,
          grunt_forest_small_clearings
Swamp:1:  nicolae_swamp_standing_stones, layout_basic_swamp,
          evilmike_swamp_ruin_house_4
Swamp:2:  nicolae_swamp_wrong_neighborhood, layout_basic_swamp,
          evilmike_swamp_ruin_rubble_1
Swamp:3:  layout_basic_swamp, infiniplex_staircase_pool,
          nicolae_swamp_thats_no_hydra
Swamp:4:  byrel_swamp_growth_death_and_undeath, layout_basic_swamp,
          swamp_pool_1_2
Snake:1:  layout_chambers, minmay_shoptagon, uniq_asterion, uniq_frances
Snake:2:  layout_cave_town, serial_shops, shop
Snake:3:  layout_misc_corridors, serial_bayou_shore_b, grunt_megastairs_3,
          minmay_shop_grove, serial_bayou_shore_b, uniq_agnes
Snake:4:  grunt_snake_rune_pools, layout_grid_shapes,
          nicolae_snake_slithery_corners
Orc:1:    layout_caves, gammafunk_ghost_smash, basic_altar, serial_shops, shop
Orc:2:    st_orc_mages, layout_diamond_mine
Vaults:1: dpeg_vaults_pockets_of_resistance, v_misc_2,
          hangedman_vaults_river_flow, nicolae_vaults_rhombus_6,
          nicolae_vaults_little_squares_1, v_alt_pattern_4,
          ontoclasm_vaults_ligature, v_misc_13, v_rooms_3,
          hangedman_vaults_unwind, nicolae_vaults_tetromino_L_1,
          hangedman_vaults_trim, layout_vaults_big_cross
Vaults:2: mu_enter_wizlab_4, vaults_dpeg_emergency_exit,
          nicolae_vaults_taking_the_gang_shopping, dpeg_vaults_waves,
          v_pattern_2, nicolae_vaults_shelves_hall,
          nicolae_vaults_storage_closets_2, nicolae_vaults_variable_pillar_hall,
          layout_vaults_ring, serial_shops, nicolae_shop_industrial_runoff,
          shop, shop, shop, shop
Vaults:3: nicolae_vaults_wine_cellar, v_misc_3, vaults_mumra_minichess,
          grunt_vaults_focal, minmay_crypt_entry_necro_gods,
          ontoclasm_vaults_gateway, nicolae_vaults_crenellated_ambush,
          layout_vaults_omnigrid, enter_trove_5
Vaults:4: v_misc_25, nicolae_vaults_door_testing_chamber,
          ontoclasm_vaults_misaligned, nicolae_vaults_network_quincunx
          [nicolae_vaults_network_quincunx_subvault,
          nicolae_vaults_network_quincunx_subvault,
          nicolae_vaults_network_quincunx_subvault,
          nicolae_vaults_network_quincunx_subvault,
          nicolae_vaults_network_quincunx_subvault], vaults_room_boxed,
          ontoclasm_vaults_eye, v_misc_18, vaults_room_door_ring,
          vaults_room_pool, v_misc_1, nicolae_vaults_trapezoid_4,
          layout_vaults_maze_bifur, serial_shops, nicolae_shop_real_fake_doors,
          uniq_norris
Vaults:5
Depths:1: layout_gridlike, enter_ziggurat_f, abyss_entry_flame_altar,
          serial_shops, nicolae_shop_back_alley_shop,
          nicolae_dithmenos_shadow_blocks, hangedman_coc_ice_floe,
          hangedman_decor_diamond_cutter, tgw_sif
Depths:2: constructs_gauntlet_mu_hangedman, layout_gridville, grunt_hell_horde,
          minmay_misc_feat_encased, pan_entry, nzn_wu_jian_council_hall,
          infiniplex_staircase_split_hallway, firewood_loft, uniq_nikola,
          uniq_mara, uniq_saint_roka
Depths:3: hangedman_spin_cycle, hell_entry, abyss_entry
Depths:4: grunt_twist_and_shout, layout_gridlike, pf_hell_entry_tar_spiral,
          serial_curves, eino_curves_04, eino_curves_01, eino_curves_01,
          eino_curves_04, rand_demon_pan_entry_4
Zot:1:    layout_basic
Zot:2:    layout_misc_corridors
Zot:3:    layout_cathedral_of_symmetry, grunt_ministairs_6
Zot:4:    layout_twisted_circle
Zot:5:    layout_gridlike, grunt_ministairs_7

Skill      XL: |  1  2  3  4  5  6  7  8  9 10 11 12 13 14 15 16 17 18 19 20 21 22 23 24 25 26 |
---------------+-------------------------------------------------------------------------------+-----
Fighting       | 2 4 5 8 9 11 15 17 18 | 18.7
Stealth        | 2 |  2.0
Spellcasting   | 2 3 4 5 7 8 9 10 12 13 14 15 16 17 | 17.0
Alchemy        | 1 2 3 5 11 | 11.0
Air Magic      | 1 2 3 6 8 9 10 11 13 14 15 18 19 20 21 | 21.0
Invocations    | 2 3 4 6 9 10 15 18 | 18.0
Summonings     | 2 4 7 |  7.0
Conjurations   | 3 5 7 |  7.0
Ice Magic      | 5 7 |  7.0
Shields        | 3 6 7 10 12 15 | 15.0
Evocations     | 6 |  6.0
Fire Magic     | 2 6 |  6.0
Armour         | 4 8 11 13 | 13.0
Dodging        | 3 8 |  8.0
Axes           | 13 17 | 17.8

Action                     |  1- 3 |  4- 6 |  7- 9 | 10-12 | 13-15 | 16-18 | 19-21 | 22-24 | 25-27 || total
---------------------------+-------+-------+-------+-------+-------+-------+-------+-------+-------++-------
  Melee: Club              |    12 |       |       |       |       |       |       |       |       ||    12
         Flail             |       |    87 |       |       |       |       |       |       |       ||    87
         Short sword       |       |    49 |   198 |       |       |       |       |       |       ||   247
         Trident           |       |       |    94 |   421 |    33 |       |       |       |       ||   548
         Mace              |       |       |       |       |   494 |   421 |   441 |   183 |       ||  1539
         Constrict         |       |       |       |       |   147 |   112 |   108 |   109 |    85 ||   561
         Broad axe         |       |       |       |       |       |       |       |   363 |   528 ||   891
   Fire: Sling             |   121 |     6 |       |       |       |       |       |       |       ||   127
   Cast: Mercury Vapours   |       |     3 |    34 |    11 |     5 |       |       |       |       ||    53
         Mephitic Cloud    |       |       |    14 |    17 |     6 |     5 |       |       |       ||    42
         Summon Lightning  |       |       |     3 |    56 |    39 |     7 |       |     1 |       ||   106
         Freezing Cloud    |       |       |       |     8 |   107 |   121 |    22 |    13 |     3 ||   274
         Maxwell's Capacit |       |       |       |       |       |    18 |    51 |   101 |    72 ||   242
         Plasma Beam       |       |       |       |       |       |    65 |   222 |    82 |    92 ||   461
         Arcjolt           |       |       |       |       |       |    34 |   100 |   112 |    76 ||   322
         Irradiate         |       |       |       |       |       |       |       |       |     5 ||     5
 Invoke: Draw Summoning    |       |       |       |       |     3 |     2 |     6 |     6 |     6 ||    23
         Stack Five        |       |       |       |       |     1 |       |     1 |       |       ||     2
         Draw Stack        |       |       |       |       |     1 |       |     1 |       |     4 ||     6
         Draw Destruction  |       |       |       |       |       |     9 |    10 |       |     1 ||    20
Ability: Spit Poison       |    12 |     4 |    12 |       |     1 |     1 |       |       |       ||    30
  Evoke: Wand              |     1 |    10 |    15 |     1 |    16 |     5 |     1 |     3 |     6 ||    58
         Tin of tremorston |       |       |       |       |       |     4 |       |       |     1 ||     5
         Gell's gravitambo |       |       |       |       |       |       |       |       |     1 ||     1
    Use: Scroll            |       |     4 |     6 |     6 |    13 |     4 |     2 |     9 |     3 ||    47
         Potion            |       |     1 |     1 |     2 |     6 |     4 |     1 |     3 |     7 ||    25
   Stab: Sleeping          |       |     1 |       |     6 |     8 |     3 |     1 |     2 |     3 ||    24
         Confused          |       |       |    10 |    12 |     5 |     1 |       |       |     1 ||    29
         Distracted        |       |       |       |     8 |     4 |     2 |     1 |     1 |     1 ||    17
         Petrified         |       |       |       |       |       |       |     2 |       |       ||     2
 Armour: Leather armour    |    92 |   139 |   236 |   339 |   502 |   217 |       |       |       ||  1525
         Skin              |       |       |       |       |     5 |       |     5 |       |       ||    10
         Troll leather arm |       |       |       |       |       |   454 |   660 |    99 |       ||  1213
         Ice dragon scales |       |       |       |       |       |       |       |   927 |  1153 ||  2080
  Dodge: Dodged            |    57 |    60 |   130 |   351 |   437 |   301 |   279 |   244 |   353 ||  2212
  Block: Other             |       |       |       |    93 |    42 |       |       |       |       ||   135
         Reflection        |       |       |       |     3 |    27 |   112 |    54 |    34 |    13 ||   243
         Buckler           |       |       |       |       |   301 |   153 |       |       |       ||   454
         Kite shield       |       |       |       |       |       |   693 |   968 |  1063 |  1201 ||  3925

Table legend: (Time is in decaauts)
 A = Elapsed time spent in this place.
 B = Non-inter-level travel time spent in this place.
 C = Inter-level travel time spent in this place.
 D = Time resting spent in this place.
 E = Time spent auto-exploring this place.
 F = Levels seen in this place.
 G = Mean time per level.
                   A        B        C        D        E       F      G
               +--------+--------+--------+--------+--------+-----+--------+
         Total | 103692 |  96402 |   7290 |  27993 |  50270 |  47 | 2206.2 |
       Dungeon |  30503 |  27629 |   2874 |   6812 |  16045 |  15 | 2033.5 |
          Lair |  11632 |  10746 |    886 |   3366 |   5644 |   5 | 2326.4 |
         Swamp |   7193 |   6816 |    377 |   2144 |   3468 |   4 | 1798.2 |
     Snake Pit |   8246 |   7806 |    440 |   1918 |   4293 |   4 | 2061.5 |
  Orcish Mines |   3572 |   3314 |    258 |    745 |   1881 |   2 | 1786.0 |
        Vaults |  14277 |  13152 |   1125 |   3435 |   6860 |   5 | 2855.4 |
        Depths |  12971 |  12076 |    895 |   3603 |   5902 |   4 | 3242.8 |
           Zot |  12864 |  12432 |    432 |   4998 |   5270 |   5 | 2572.8 |
         Trove |    118 |    118 |      0 |      0 |     88 |   1 |  118.0 |
      Ice Cave |    481 |    481 |      0 |    214 |    189 |   1 |  481.0 |
        Wizlab |   1830 |   1830 |      0 |    755 |    626 |   1 | 1830.0 |
               +--------+--------+--------+--------+--------+-----+--------+

Top non-repeatable levels by time:
   Zot:5: 3965 daAuts
Depths:2: 3849 daAuts
Depths:4: 3690 daAuts
   Zot:1: 3558 daAuts
    D:14: 3539 daAuts
Vaults:1: 3379 daAuts
Vaults:5: 3343 daAuts
Depths:3: 3232 daAuts
  Lair:4: 2996 daAuts
Vaults:3: 2841 daAuts
  Lair:5: 2721 daAuts
   Zot:3: 2672 daAuts
    D:12: 2643 daAuts
Vaults:4: 2597 daAuts
    D:15: 2589 daAuts
